 Dungeon Crawl Stone Soup version 0.23-a0-639-ga9a3373 (webtiles) character file.

6695 zishaf the Thaumaturge (level 11, -4/72 HPs)
             Began as a Gnoll Wizard on Dec 30, 2018.
             Was a Follower of Sif Muna.
             Slain by Snorg (10 damage)
             ... on level 10 of the Dungeon.
             The game lasted 00:44:33 (12516 turns).

zishaf the Thaumaturge (Gnoll Wizard)              Turns: 12516, Time: 00:44:37

Health: -4/72      AC:  5    Str: 13    XL:     11   Next: 3%
Magic:  0/24       EV: 16    Int: 23    God:    Sif Muna [*.....]
Gold:   409        SH:  0    Dex: 13    Spells: 14/28 levels left

rFire    . . .     SeeInvis +   a - +2 short sword (elec)
rCold    . . .     Gourm    .   (no shield)
rNeg     . . .     Faith    .   x - +1 robe of Uckaekat {rCorr}
rPois    .         Spirit   +   o - +0 hat
rElec    .         Reflect  .   (no cloak)
rCorr    +         Harm     .   (no gloves)
MR       .....                  (no boots)
Stlth    +++.......             e - amulet of guardian spirit
HPRegen  0.22/turn              u - ring of see invisible
MPRegen  0.19/turn              A - +2 ring of strength

@: divine energy
A: distributed training, claws 1, fangs 1, thin metallic scales 1, frail 1,
strong nose
a: Stop Divine Energy, Renounce Religion


You were on level 10 of the Dungeon.
You worshipped Sif Muna.
Sif Muna was aware of your devotion.
You were not hungry.

You visited 2 branches of the dungeon, and saw 11 of its levels.

You collected 551 gold pieces.
You spent 142 gold pieces at shops.

Inventory:

Hand Weapons
 a - a +2 short sword of electrocution (weapon)
 b - a +0 hunting sling
 w - a +0 blowgun
 W - a +3 spear
Missiles
 f - 225 stones (quivered)
 r - 46 sling bullets
 v - 3 needles of confusion
 z - 7 poisoned needles
Armour
 o - a +0 hat (worn)
 x - the +1 robe of Uckaekat (worn) {rCorr}
   (You bought it in a shop on level 5 of the Dungeon)

   It provides partial protection from all sources of acid and corrosion.
Magical Staves
 y - an uncursed staff of poison
Jewellery
 e - an amulet of guardian spirit (around neck)
 m - an uncursed amulet of the gourmand
 p - an uncursed ring of fire
 u - a ring of see invisible (left claw)
 A - a +2 ring of strength (right claw)
Wands
 q - a wand of scattershot (5)
 C - a wand of iceblast (7)
Scrolls
 i - 2 scrolls of remove curse
 j - 2 scrolls of immolation
 k - 3 scrolls of teleportation
 n - 3 scrolls of fog
 D - a scroll of magic mapping
Potions
 g - 2 potions of heal wounds
 h - a potion of lignification
 t - a potion of brilliance
 E - a potion of flight
 G - a potion of curing
Comestibles
 d - 21 rations


   Skills:
 + Level 5.7 Fighting
 + Level 5.7 Short Blades
 + Level 5.7 Long Blades
 + Level 5.7 Axes
 + Level 5.7 Maces & Flails
 + Level 5.7 Polearms
 + Level 5.7 Staves
 + Level 5.7 Slings
 + Level 5.7 Bows
 + Level 5.7 Crossbows
 + Level 5.7 Throwing
 + Level 5.7 Armour
 + Level 7.4 Dodging
 + Level 7.2 Stealth
 + Level 5.7 Shields
 + Level 5.7 Unarmed Combat
 + Level 9.2 Spellcasting
 + Level 5.2 Conjurations
 + Level 4.7 Hexes
 + Level 4.7 Charms
 + Level 5.2 Summonings
 + Level 4.7 Necromancy
 + Level 5.2 Translocations
 + Level 4.7 Transmutations
 + Level 4.7 Fire Magic
 + Level 4.7 Ice Magic
 + Level 4.7 Air Magic
 + Level 4.7 Earth Magic
 + Level 4.7 Poison Magic
 + Level 6.3 Invocations
 + Level 5.7 Evocations


You had 14 spell levels left.
You knew the following spells:

 Your Spells              Type           Power        Failure   Level  Hunger
a - Magic Dart            Conj           ####         1%          1    None
b - Call Imp              Summ           #####...     1%          2    None
c - Conjure Flame         Conj/Fire      ####....     2%          3    None
d - Dazzling Spray        Conj/Hex       ####..       2%          3    None
f - Blink                 Tloc           N/A          1%          2    None
z - Mephitic Cloud        Conj/Pois/Air  ####....     2%          3    None

Your spell library contained the following spells:

 Spells                   Type           Power        Failure   Level  Hunger
 Searing Ray              Conj           #####.       1%          2    None
 Slow                     Hex            ####....     1%          2    None
 Force Lance              Conj/Tloc      #####...     7%          4    ##.....
 Iskenderun's Mystic Bla  Conj           #####...     7%          4    ##.....
 Fulminant Prism          Conj/Hex       ####......   8%          4    ##.....


Dungeon Overview and Level Annotations

Branches:
Dungeon (10/15)            Temple (1/1) D:7            Lair (0/6) D:9
    Orc: D:9-12

Altars:
Ashenzari
Cheibriados
Dithmenos
Elyvilon
Fedhas
Gozag
Hepliaklqana
Kikubaaqudgha
Makhleb
Nemelex Xobeh
Okawaru
Qazlal
Ru
Sif Muna
Trog
Uskayaw
Vehumet
Wu Jian
Xom
Yredelemnul
Zin
The Shining One

Shops:
D:5 (:[(:   D:8 =

Annotations:
D:3 1 runed door
D:6 exclusion: downstairs
D:9 exclusion: downstairs
D:10 Snorg


Innate Abilities, Weirdness & Mutations

Your experience applies equally to all skills.
You have very sharp teeth.
Your uncanny sense of smell can sniff out nearby items.
You have sharp fingernails.
You are partially covered in thin metallic scales. (AC +2)
You are frail. (-10% HP)


Message History

Snorg is almost dead.
Snorg goes berserk!
Casting: Call Imp (safe; 1% risk of failure)
Confirm with . or Enter, or press ? or * to list all spells.
A beastly little devil appears in a puff of flame.
Snorg barely misses you. Snorg closely misses you. Snorg completely misses you.
Snorg misses you. Snorg completely misses you.
Casting: Call Imp (safe; 1% risk of failure)
Confirm with . or Enter, or press ? or * to list all spells.
A beastly little devil appears in a puff of flame.
Snorg bites you.
Snorg misses you. x2; Your crimson imp barely misses Snorg.
You hit Snorg.
Snorg is almost dead.
The centaur seems less confused.
Snorg closely misses you. Snorg claws you! x2
Snorg bites you!!
* * * LOW HITPOINT WARNING * * *
Snorg claws you!
* * * LOW HITPOINT WARNING * * *
Snorg claws you!
You die...

########################
....................c.o..
.!...........(((..o.(5(.5
...................#####(ยง
...%...............#...###
...................#...#
..........5(.......#...#
#.......?.5@.............###
####.........T.................
............5.................
......................#######
####........................#..
#...........................#..
#.............c.......Y.....#..
#............/..........#####..
#.......................#......


You could see Snorg (berserk), a centaur and 3 friendly crimson imps.

Vanquished Creatures
  A two-headed ogre (D:9)
  The ghost of ezpacito the Protected, a novice DsBe of Trog (D:8)
  Pikel (D:6)
  Joseph (D:8)
  Prince Ribbit (D:7)
  A hippogriff (D:9)
  Eustachio (D:6)
  A yak (D:9)
  2 hungry ghosts
  Menkaure (D:7)
  Duvessa (D:5)
  2 porcupines (D:9)
  2 slaves
  A black bear (D:9)
  3 orc warriors
  An ice beast (D:9)
  2 sky beasts
  2 ogres
  2 phantoms
  A necrophage (D:9)
  A centaur (D:6)
  2 crocodiles (D:9)
  9 bullfrogs
  A scorpion (D:6)
  Dowan (D:5)
  5 killer bees
  3 howler monkeys
  4 crimson imps
  4 hounds
  8 jellies
  A centaur skeleton (D:5)
  8 orc priests
  A bullfrog skeleton (D:9)
  10 orc wizards
  An iguana (D:4)
  8 worker ants
  3 gnolls (D:5)
  13 adders
  2 shadow imps (D:5)
  An ooze (D:2)
  An adder skeleton (D:6)
  A worm (D:4)
  3 dart slugs (D:1)
  7 leopard geckos
  39 orcs
  5 bats
  3 giant cockroaches
  4 hobgoblins
  3 jackals (D:4)
  3 kobolds
  4 quokkas
  A ball python (D:6)
  6 frilled lizards
  9 goblins
  A jackal skeleton (D:3)
  A jackal zombie (D:6)
  A quokka skeleton (D:8)
  5 rats
  A fungus (D:9)
212 creatures vanquished.

Vanquished Creatures (collateral kills)
  2 bullfrogs (D:6)
  A human zombie (D:3)
  An orc priest (D:3)
  An orc wizard (D:3)
  An adder (D:3)
  A worm (D:3)
  A dart slug (D:3)
  4 orcs (D:3)
  A giant cockroach (D:3)
  2 goblins (D:3)
  A hobgoblin (D:3)
  A quokka (D:3)
  A ball python (D:4)
  A bat (D:3)
19 creatures vanquished.

Vanquished Creatures (others)
  A wizard (D:8)
  2 slaves (D:7)
  An orc priest (D:7)
  A worker ant (D:7)
  9 fungi (D:9)
14 creatures vanquished.

Grand Total: 245 creatures vanquished

Notes
Turn   | Place    | Note
-------+----------+-------------------------------------------
     0 | D:1      | zishaf the Gnoll Wizard began the quest for the Orb.
     0 | D:1      | Reached XP level 1. HP: 13/13 MP: 8/8
   160 | D:1      | Reached XP level 2. HP: 19/19 MP: 6/10
   164 | D:1      | Learned a level 2 spell: Call Imp
   167 | D:1      | Learned a level 2 spell: Blink
   701 | D:2      | Reached XP level 3. HP: 25/25 MP: 9/11
   823 | D:2      | Learned a level 3 spell: Conjure Flame
   827 | D:2      | Learned a level 3 spell: Mephitic Cloud
  1096 | D:2      | Reached skill level 1 in Invocations
  1153 | D:2      | Reached skill level 1 in Fighting
  1153 | D:2      | Reached skill level 1 in Short Blades
  1153 | D:2      | Reached skill level 1 in Long Blades
  1153 | D:2      | Reached skill level 1 in Axes
  1153 | D:2      | Reached skill level 1 in Maces & Flails
  1153 | D:2      | Reached skill level 1 in Polearms
  1153 | D:2      | Reached skill level 1 in Staves
  1153 | D:2      | Reached skill level 1 in Slings
  1153 | D:2      | Reached skill level 1 in Bows
  1153 | D:2      | Reached skill level 1 in Crossbows
  1153 | D:2      | Reached skill level 1 in Throwing
  1153 | D:2      | Reached skill level 1 in Armour
  1153 | D:2      | Reached skill level 1 in Shields
  1153 | D:2      | Reached skill level 1 in Unarmed Combat
  1153 | D:2      | Reached skill level 1 in Evocations
  1280 | D:2      | Reached XP level 4. HP: 32/32 MP: 10/13
  1611 | D:3      | Reached skill level 1 in Hexes
  1611 | D:3      | Reached skill level 1 in Charms
  1611 | D:3      | Reached skill level 1 in Necromancy
  1611 | D:3      | Reached skill level 1 in Transmutations
  1611 | D:3      | Reached skill level 1 in Fire Magic
  1611 | D:3      | Reached skill level 1 in Ice Magic
  1611 | D:3      | Reached skill level 1 in Air Magic
  1611 | D:3      | Reached skill level 1 in Earth Magic
  1611 | D:3      | Reached skill level 1 in Poison Magic
  1985 | D:3      | Found a runed door.
  1985 | D:3      | Noticed a human
  2004 | D:3      | Reached XP level 5. HP: 21/37 MP: 5/14
  2136 | D:3      | Found a basalt altar of Yredelemnul.
  2866 | D:4      | Reached XP level 6. HP: 44/44 MP: 16/16
  3077 | D:4      | Reached skill level 5 in Dodging
  3150 | D:4      | Got a transparent dagger
  3151 | D:4      | Identified the +2 dagger "Woufreil" {venom, *Slow rElec
                  | rF+} (You found it on level 4 of the Dungeon)
  3470 | D:4      | Noticed a phantom
  3493 | D:4      | Killed a phantom
  3493 | D:4      | Reached XP level 7. HP: 48/50 MP: 16/18
  3837 | D:5      | Entered Level 5 of the Dungeon
  3968 | D:5      | Noticed Dowan
  3970 | D:5      | Found Lusul's Weapon Shop.
  3979 | D:5      | Found Adetan's Antique Armour Boutique.
  3983 | D:5      | Bought a thick robe for 142 gold pieces
  3993 | D:5      | Identified the +1 robe of Uckaekat {rCorr} (You bought it
                  | in a shop on level 5 of the Dungeon)
  4004 | D:5      | Found Zemopawn's Book Shoppe.
  4030 | D:5      | Found Seduskea's Weapon Boutique.
  4454 | D:5      | Found Toni's Book Boutique.
  4637 | D:5      | Noticed Duvessa
  4655 | D:5      | Killed Dowan
  4655 | D:5      | Reached skill level 5 in Stealth
  4657 | D:5      | Killed Duvessa
  4759 | D:5      | Reached XP level 8. HP: 53/57 MP: 17/19
  5107 | D:6      | Noticed Eustachio
  5243 | D:6      | Killed Eustachio
  5438 | D:6      | Reached skill level 8 in Spellcasting
  5803 | D:6      | Reached XP level 9. HP: 60/65 MP: 5/21
  6046 | D:6      | Learned a level 3 spell: Dazzling Spray
  6177 | D:6      | Found an ancient bone altar of Kikubaaqudgha.
  6453 | D:7      | Noticed Pikel
  6631 | D:6      | Killed Pikel
  6916 | D:7      | Found a staircase to the Ecumenical Temple.
  6964 | Temple   | Entered the Ecumenical Temple
  7212 | Temple   | Became a worshipper of Sif Muna the Loreminder
  7269 | D:7      | Noticed Menkaure
  7435 | D:7      | Noticed Prince Ribbit
  7476 | D:7      | Killed Prince Ribbit
  7476 | D:7      | Reached skill level 5 in Invocations
  7702 | D:7      | Killed Menkaure
  8658 | D:8      | Found Houfish's Jewellery Boutique.
  8699 | D:8      | Noticed Joseph
  8730 | D:8      | Killed Joseph
  8730 | D:8      | Reached XP level 10. HP: 42/73 MP: 1/22
  8905 | D:8      | Found a large runed door.
  8905 | D:8      | Found a large runed door.
  8907 | D:8      | Noticed ezpacito's ghost (novice DsBe)
  9114 | D:7      | HP: 3/73 [poisoned by a killer bee]
  9121 | D:7      | HP: 2/73 [poisoned by a killer bee]
  9126 | D:7      | HP: 1/73 [poisoned by a killer bee]
  9507 | D:8      | Found a bloodstained altar of Trog.
  9516 | D:8      | Noticed a wizard
  9519 | D:8      | Killed a wizard
  9809 | D:8      | Killed ezpacito's ghost
  9809 | D:8      | Reached skill level 5 in Fighting
  9809 | D:8      | Reached skill level 5 in Short Blades
  9809 | D:8      | Reached skill level 5 in Long Blades
  9809 | D:8      | Reached skill level 5 in Axes
  9809 | D:8      | Reached skill level 5 in Maces & Flails
  9809 | D:8      | Reached skill level 5 in Polearms
  9809 | D:8      | Reached skill level 5 in Staves
  9809 | D:8      | Reached skill level 5 in Slings
  9809 | D:8      | Reached skill level 5 in Bows
  9809 | D:8      | Reached skill level 5 in Crossbows
  9809 | D:8      | Reached skill level 5 in Throwing
  9809 | D:8      | Reached skill level 5 in Armour
  9809 | D:8      | Reached skill level 5 in Shields
  9809 | D:8      | Reached skill level 5 in Unarmed Combat
  9809 | D:8      | Reached skill level 5 in Evocations
  9921 | D:9      | Found a staircase to the Lair.
 10146 | D:9      | Noticed a two-headed ogre
 10162 | D:9      | Killed a two-headed ogre
 10162 | D:9      | Reached * piety under Sif Muna
 10162 | D:9      | Reached skill level 9 in Spellcasting
 10368 | D:9      | Reached skill level 5 in Conjurations
 10368 | D:9      | Reached skill level 5 in Summonings
 10368 | D:9      | Reached skill level 5 in Translocations
 10757 | D:9      | Gained mutation: Your magical capacity is low. (-10% MP)
                  | [potion of mutation]
 10757 | D:9      | Gained mutation: Your natural rate of healing is unusually
                  | fast. [potion of mutation]
 10758 | D:9      | Lost mutation: Your magical capacity is low. (-10% MP)
                  | [potion of mutation]
 10758 | D:9      | Lost mutation: Your natural rate of healing is unusually
                  | fast. [potion of mutation]
 10758 | D:9      | Gained mutation: Your body sometimes deteriorates upon
                  | taking damage. [potion of mutation]
 10758 | D:9      | Gained mutation: Your flesh is heat resistant. (rF+)
                  | [potion of mutation]
 10759 | D:9      | Lost mutation: Your flesh is heat resistant. (rF+) [potion
                  | of mutation]
 10759 | D:9      | Lost mutation: Your body sometimes deteriorates upon taking
                  | damage. [potion of mutation]
 10759 | D:9      | Gained mutation: You are frail. (-10% HP) [potion of
                  | mutation]
 10759 | D:9      | Gained mutation: You have sharp fingernails. [potion of
                  | mutation]
 10759 | D:9      | Gained mutation: You are partially covered in thin metallic
                  | scales. (AC +2) [potion of mutation]
 11423 | D:9      | Reached XP level 11. HP: 72/72 MP: 21/24
 11707 | D:10     | Entered Level 10 of the Dungeon
 11773 | D:10     | Noticed Snorg
 11840 | D:10     | HP: 1/72 [Snorg (12)]
 12516 | D:10     | Slain by Snorg

Vault maps used:
D:1:      ebering_trefoil_3fold
D:3:      wander_river, serial_bayou_pond_e, dk_yredelemnul_ordeal
D:4:      first_ration
D:5:      serial_shops, nicolae_shop_statue_plus, shop, shop, shop, shop,
          uniq_duvessa
D:6:      kiku_gazebo_pond_becter, kennysheep_generic_room_7, uniq_eustachio
D:7:      minmay_temple_entry_mist, grunt_ogre_cave, uniq_prince_ribbit1,
          uniq_pikel, uniq_menkaure
D:8:      ebering_ghost_disaster_area, serial_shops, nicolae_shop_crystal,
          trog_wizard, uniq_joseph
D:9:      due_lair_maze_entry_diamond
D:10:     serial_shops, shop, minivault_25, minivault_10, uniq_snorg
Temple:   roderic_octagonal_lattice_temple

Skill      XL: |  1  2  3  4  5  6  7  8  9 10 |
---------------+-------------------------------+-----
Conjurations   | 2 3 4 5 |  5.2
Summonings     | 2 3 4 5 |  5.2
Translocations | 2 3 4 5 |  5.2
Invocations    | 1 2 3 4 5 6 |  6.3
Fighting       | 1 2 3 4 5 |  5.7
Short Blades   | 1 2 3 4 5 |  5.7
Long Blades    | 1 2 3 4 5 |  5.7
Axes           | 1 2 3 4 5 |  5.7
Maces & Flails | 1 2 3 4 5 |  5.7
Polearms       | 1 2 3 4 5 |  5.7
Staves         | 1 2 3 4 5 |  5.7
Slings         | 1 2 3 4 5 |  5.7
Bows           | 1 2 3 4 5 |  5.7
Crossbows      | 1 2 3 4 5 |  5.7
Throwing       | 1 2 3 4 5 |  5.7
Armour         | 1 2 3 4 5 |  5.7
Shields        | 1 2 3 4 5 |  5.7
Unarmed Combat | 1 2 3 4 5 |  5.7
Evocations     | 1 2 3 4 5 |  5.7
Hexes          | 1 2 3 4 |  4.7
Charms         | 1 2 3 4 |  4.7
Necromancy     | 1 2 3 4 |  4.7
Transmutations | 1 2 3 4 |  4.7
Fire Magic     | 1 2 3 4 |  4.7
Ice Magic      | 1 2 3 4 |  4.7
Air Magic      | 1 2 3 4 |  4.7
Earth Magic    | 1 2 3 4 |  4.7
Poison Magic   | 1 2 3 4 |  4.7
Dodging        | 5 6 7 |  7.4
Stealth        | 5 6 7 |  7.2
Spellcasting   | 8 9 |  9.2

Action                   |  1- 3 |  4- 6 |  7- 9 | 10-12 || total
-------------------------+-------+-------+-------+-------++-------
Melee: Dagger            |       |    22 |    19 |       ||    41
       Bite              |       |     2 |    11 |    10 ||    23
       Spear             |       |       |    30 |       ||    30
       Short sword       |       |       |   142 |   126 ||   268
       Punch             |       |       |     1 |     4 ||     5
 Fire: Hunting sling     |       |    87 |   107 |    62 ||   256
       Blowgun           |       |    14 |    38 |    26 ||    78
Throw: Stone             |       |       |     3 |       ||     3
 Cast: Magic Dart        |    72 |    22 |    26 |    35 ||   155
       Call Imp          |       |    25 |    44 |    30 ||    99
       Mephitic Cloud    |       |     5 |    12 |    20 ||    37
       Conjure Flame     |       |       |    15 |     7 ||    22
       Blink             |       |       |     5 |     6 ||    11
       Dazzling Spray    |       |       |     2 |     2 ||     4
Invok: Divine Energy     |       |       |       |     1 ||     1
Evoke: Wand              |       |     2 |       |       ||     2
  Use: Scroll            |       |     8 |     9 |     7 ||    24
       Potion            |       |       |     1 |     5 ||     6
 Stab: Sleeping          |       |       |    10 |     3 ||    13
       Distracted        |       |       |     3 |     1 ||     4
       Confused          |       |       |     6 |     3 ||     9
  Eat: Chunk             |     1 |     7 |    27 |     6 ||    41
       Ration            |       |       |     2 |     2 ||     4
Armor: Robe              |     1 |    10 |    16 |    19 ||    46
Dodge: Dodged            |    12 |    62 |   118 |   117 ||   309

Table legend:
 A = Non-vault XP
 B = Vault XP
 C = Vault XP percentage of total XP
 D = Non-vault monster count
 E = Vault monster count
 F = Vault count percentage of total count
                 A         B        C        D         E       F
            +---------+---------+-------+---------+---------+-------
      Total |    5587 |    3978 |  41.6 |     206 |      23 |  10.0
            +---------+---------+-------+---------+---------+-------
        D:1 |      32 |       0 |   0.0 |      16 |       0 |   0.0
        D:2 |      64 |       0 |   0.0 |      21 |       0 |   0.0
        D:3 |     131 |      27 |  17.1 |      26 |       2 |   7.1
        D:4 |     499 |       0 |   0.0 |      29 |       0 |   0.0
        D:5 |     417 |     208 |  33.3 |      17 |       2 |  10.5
        D:6 |    1300 |     980 |  43.0 |      42 |       5 |  10.6
        D:7 |     699 |     473 |  40.4 |      16 |       3 |  15.8
        D:8 |     253 |    1296 |  83.7 |       5 |       3 |  37.5
        D:9 |    1978 |     994 |  33.4 |      25 |       8 |  24.2
       D:10 |     214 |       0 |   0.0 |       9 |       0 |   0.0
            +---------+---------+-------+---------+---------+-------
